Map: Heavy Artillery LE

Players

MalGanis

  • Race: Zerg Zerg
  • Spawn Location: 7:00

Grommel

  • Race: Terran Terran
  • Spawn Location: 7:00

qqq - Winner!

  • Race: Zerg Zerg
  • Spawn Location: 3:00

Massa - Winner!

  • Race: Terran Terran
  • League: Platinum
  • Spawn Location: 1:00

VOD

Have the link to the VOD?

Description

Time

  • Played on: Nov. 8, 2020, 12:16 p.m.
  • Length: 15:33
Show
View Real Time Build Order
Export as new Build Order

MalGanis Zerg 

Build Orders: Hatch First 

Get SALT Encoding   

  12  0:02  Drone  
  13  0:16  Drone  
  13  0:20  Overlord  
  14  0:44  Hatchery  
  14  0:46  Drone  
  14  1:00  Extractor  
  13  1:09  Spawning Pool  
  12  1:15  Drone x2  
  14  1:31  Drone x2  
  16  1:53  Overlord  
  16  1:54  Drone  
  16  1:57  Zergling x2  
  16  1:59  Queen  
  20  2:02  Zergling x2  
  21  2:08  Metabolic Boost  
  21  2:13  Zergling x2  
  22  2:17  Zergling x2  
  23  2:24  Drone x2  
  25  2:53  Extractor  
  25  2:54  Queen  
  25  2:57  Lair  
  26  3:20  Zergling x2  
  26  3:21  Zergling x4  
  26  3:23  Drone  
  30  3:28  Hatchery  
  29  3:44  Drone x6  
  35  3:50  Overlord  
  33  4:18  Drone x6  
  39  4:26  Infestation Pit  
  39  4:28  Drone x2  
  36  4:47  Drone x3  
  36  4:48  Drone x2  
  41  5:06  Spire  
  40  5:12  Drone x5  
  40  5:13  Drone x2  
  47  5:19  Spore Crawler  
  46  5:26  Extractor  
  46  5:27  Extractor  
  44  5:36  Spore Crawler  
  44  5:40  Drone x3  
  44  5:41  Drone  
  44  5:42  Drone  
  48  5:43  Drone x2  
  50  5:50  Spore Crawler  
  49  6:00  Zergling x2  
  49  6:02  Overlord x6  
  50  6:19  Queen  
  50  6:21  Mutalisk  
  50  6:22  Mutalisk x6  
  67  6:25  Drone  
  67  6:52  Mutalisk x3  
  73  7:00  Drone  
  73  7:01  Drone x6  
  77  7:02  Drone x2  
  82  7:11  Drone  
  82  7:12  Drone  
  84  7:24  Overlord x2  
  84  7:50  Hatchery  
  75  8:23  Mutalisk x4  
  75  8:26  Mutalisk x4  
  87  8:27  Mutalisk x2  
  95  8:38  Hive  
  95  9:01  Zergling x10  
  95  9:02  Zergling x8  
  104  9:31  Mutalisk x2  
  104  9:32  Mutalisk, Corruptor  
  104  9:34  Overlord x4  
  104  9:35  Overlord  
  107  10:13  Zerg Flyer Weapons Level 1  
  103  10:19  Mutalisk  
  103  10:20  Mutalisk x4  
  113  10:22  Zergling x8  
  113  10:23  Zergling x6  
  120  10:37  Overlord x4  
  120  10:48  Mutalisk x4  
  128  11:07  Evolution Chamber x2  
  126  11:11  Ultralisk Cavern  
  126  11:14  Extractor  
  126  11:15  Extractor  
  123  11:20  Corruptor  
  123  11:22  Hydralisk Den  
  76  12:08  Zerg Flyer Armor Level 1, Ultralisk x2  
  88  12:17  Drone x6  
  88  12:18  Drone  
  92  13:04  Corruptor x6  
  92  13:05  Corruptor x3  
  105  13:14  Anabolic Synthesis  
  98  13:26  Zergling x6  
  87  13:31  Adrenal Glands  
  74  13:57  Chitinous Plating  
  59  14:25  Drone x7  
  59  14:26  Drone x2  
  93  15:01  Zergling x8  
Show
View Real Time Build Order
Export as new Build Order

Grommel Terran 

Build Orders:  

Get SALT Encoding   

  12  0:00  SCV  
  13  0:12  SCV  
  14  0:18  Supply Depot  
  14  0:24  SCV  
  15  0:40  SCV  
  15  0:42  Barracks  
  16  0:52  SCV  
  16  0:53  Refinery  
  17  1:04  SCV  
  17  1:10  Supply Depot  
  18  1:16  SCV  
  19  1:40  Orbital Command  
  19  1:49  Marine  
  20  1:54  Barracks x2  
  20  2:09  SCV  
  20  2:15  Factory  
  21  2:30  SCV  
  21  2:32  Marine  
  23  2:43  SCV  
  23  2:46  Marine x2  
  25  2:55  SCV, Supply Depot  
  25  2:57  Refinery  
  26  3:07  Starport  
  26  3:19  SCV  
  27  3:31  Command Center  
  27  3:40  Marine x3  
  30  3:46  Medivac  
  32  3:56  Factory Reactor  
  32  3:57  Factory Tech Lab  
  32  3:59  SCV  
  32  4:00  Barracks Tech Lab, Marine  
  32  4:01  Marine  
  35  4:11  SCV  
  35  4:15  Supply Depot  
  36  4:20  Engineering Bay  
  36  4:29  Barracks Reactor  
  36  4:34  Siege Tank  
  36  4:36  Barracks Reactor  
  39  4:43  SCV  
  39  4:44  Orbital Command  
  40  4:53  Missile Turret  
  40  4:57  SCV  
  36  5:32  Marine  
  36  5:33  Marine x3  
  36  5:34  Marine  
  36  5:35  Stimpack  
  41  5:48  SCV x2  
  43  5:50  Starport Reactor  
  43  5:52  Siege Tank  
  40  6:14  Marauder, Marine x2  
  40  6:15  Marine x2  
  45  6:23  Missile Turret  
  45  6:30  Missile Turret  
  45  6:32  Marine x3  
  46  6:33  Marine  
  46  6:35  Marine  
  50  6:45  SCV x2  
  52  7:01  Marine x5  
  53  7:06  Refinery  
  53  7:08  Refinery  
  57  7:10  Missile Turret  
  57  7:13  Missile Turret  
  57  7:21  Missile Turret  
  57  7:25  Marine x2  
  57  7:26  Marine x3  
  62  7:48  Marine x4, Medivac x2  
  62  7:49  Supply Depot  
  70  7:51  Supply Depot  
  70  7:52  Supply Depot  
  70  8:08  Terran Infantry Weapons Level 1  
  70  8:09  Armory  
  70  8:10  SCV x2  
  70  8:11  Marine x5  
  75  8:12  Supply Depot  
  70  8:22  SCV x2  
  72  8:28  Marine  
  72  8:30  Marine  
  72  8:31  Marine x3  
  77  8:39  Barracks  
  77  8:52  Medivac x2  
  77  9:10  Marine x3  
  80  9:22  Medivac x2  
  83  9:28  Marine x3  
  86  9:38  SCV x2  
  70  10:10  SCV x2  
  70  10:13  Terran Infantry Weapons Level 2  
  72  10:17  Thor  
  78  10:25  SCV  
  78  10:26  SCV  
  80  10:34  Missile Turret  
  80  10:35  Liberator x2  
  86  10:38  Marine  
  86  10:39  Marine x4  
  86  10:42  Barracks Reactor  
  91  10:43  Combat Shield  
  91  10:47  SCV x2  
  91  10:48  Engineering Bay  
  93  11:00  Marine x3, Thor  
  102  11:12  Barracks  
  102  11:14  Command Center  
  102  12:18  SCV x2, Marine x6  
  110  12:22  Supply Depot  
  110  12:23  Supply Depot  
  110  12:25  Marine, Thor  
  117  12:30  SCV x2, Liberator x2  
  125  12:44  SCV, Marine x7  
  125  12:45  SCV  
  134  13:01  Planetary Fortress  
  134  13:02  Marine x7  
  141  13:06  Supply Depot  
  141  13:09  SCV x2  
  141  13:20  Siege Tank  
  139  13:48  Missile Turret  
  126  14:02  SCV x2  
  117  14:14  SCV x2  
  114  14:21  Marine x3  
  114  14:22  Marine x4  
  121  14:28  Medivac x2  
  125  14:37  Missile Turret  
  124  14:39  Marine x3  
  124  14:46  Siege Tank  
Show
View Real Time Build Order
Export as new Build Order

qqq Zerg - Winner!

Build Orders: Hatch First 

Get SALT Encoding   

  12  0:00  Drone  
  13  0:10  Drone  
  14  0:43  Hatchery  
  14  0:44  Drone  
  14  1:10  Overlord  
  14  1:18  Extractor  
  14  1:20  Spawning Pool  
  12  1:26  Drone x2  
  12  1:28  Overlord  
  14  1:52  Drone x2  
  16  2:13  Drone  
  16  2:14  Queen  
  16  2:15  Drone  
  20  2:16  Drone x2  
  22  2:40  Drone x2  
  22  2:42  Metabolic Boost  
  24  2:44  Drone x3  
  27  2:55  Hatchery  
  26  3:00  Extractor  
  26  3:06  Drone x2  
  26  3:07  Zergling x4  
  30  3:18  Drone  
  30  3:20  Lair  
  30  3:22  Drone  
  31  3:37  Queen  
  31  3:38  Drone x2  
  31  3:39  Spine Crawler  
  34  3:43  Zergling x4  
  34  3:46  Overlord  
  36  3:54  Overlord  
  36  4:08  Zergling x6  
  39  4:19  Drone x3  
  39  4:20  Drone x2  
  44  4:26  Zergling x2  
  45  4:33  Spire  
  45  4:34  Extractor  
  45  4:36  Drone  
  45  4:37  Drone x2  
  46  4:41  Extractor  
  46  4:43  Extractor  
  46  4:44  Queen  
  46  4:50  Drone  
  46  4:51  Drone x3  
  47  5:25  Queen  
  47  5:26  Drone x3  
  47  5:27  Drone  
  47  5:28  Drone x3  
  56  5:35  Spore Crawler  
  55  5:44  Mutalisk  
  55  5:46  Overlord  
  55  5:47  Overlord x2  
  55  5:48  Drone  
  58  6:04  Mutalisk  
  58  6:05  Mutalisk  
  58  6:06  Drone  
  58  6:07  Drone x4  
  58  6:11  Extractor x2  
  64  6:18  Overlord x2  
  64  6:24  Zerg Flyer Weapons Level 1  
  64  6:27  Drone  
  65  6:37  Drone x3, Mutalisk  
  65  6:38  Mutalisk  
  72  6:42  Hatchery  
  71  6:48  Mutalisk  
  71  6:49  Drone x4  
  77  6:57  Drone  
  77  7:00  Hatchery  
  77  7:04  Hatchery  
  77  7:05  Hatchery  
  75  7:08  Drone x2  
  75  7:09  Mutalisk x3  
  83  7:17  Mutalisk  
  83  7:18  Drone  
  83  7:19  Drone  
  83  7:21  Overlord  
  83  7:22  Drone x2  
  89  7:36  Spore Crawler  
  84  7:39  Overlord  
  84  7:41  Drone x2, Spore Crawler  
  85  7:46  Mutalisk x2  
  89  8:04  Mutalisk  
  89  8:05  Mutalisk x4  
  93  8:06  Mutalisk  
  93  8:07  Drone  
  100  8:23  Mutalisk x2  
  101  8:35  Drone x4  
  101  8:36  Drone x4  
  101  8:37  Mutalisk x3  
  115  8:46  Drone x3  
  115  8:47  Drone x6  
  120  8:58  Mutalisk  
  120  8:59  Mutalisk x3  
  120  9:00  Drone x3  
  120  9:01  Drone x3  
  134  9:04  Spore Crawler  
  134  9:05  Extractor  
  132  9:20  Drone x5  
  135  9:32  Mutalisk  
  135  9:35  Overlord x2  
  130  10:12  Mutalisk x3  
  130  10:13  Mutalisk x5  
  130  10:14  Mutalisk x3  
  134  10:15  Drone x4  
  134  10:16  Drone x2  
  134  10:17  Spore Crawler  
  134  10:18  Extractor  
  148  10:21  Extractor  
  148  10:24  Queen  
  148  10:26  Spore Crawler  
  148  10:28  Drone x2  
  149  10:29  Drone x5, Extractor  
  149  10:30  Spore Crawler  
  149  10:32  Extractor  
  149  10:35  Drone, Infestation Pit  
  151  10:36  Drone x2  
  151  10:38  Overlord x2  
  154  10:50  Zerg Flyer Armor Level 1  
  154  10:56  Spine Crawler  
  153  10:59  Spine Crawler, Queen  
  154  11:06  Drone x4, Spine Crawler  
  154  11:07  Drone x6, Spine Crawler  
  162  11:15  Drone x5  
  162  11:18  Mutalisk  
  167  11:19  Overlord x3  
  167  11:20  Overlord x2  
  167  11:43  Mutalisk x4  
  151  12:02  Mutalisk x3  
  151  12:03  Drone x4  
  151  12:04  Drone x7  
  151  12:05  Drone x4  
  172  12:11  Evolution Chamber, Hive  
  172  12:12  Evolution Chamber  
  170  12:16  Drone x2  
  170  12:17  Drone x3  
  176  12:30  Drone x5  
  176  12:33  Extractor, Mutalisk x5  
  187  12:50  Spine Crawler  
  186  12:55  Drone x2  
  186  12:56  Drone x3  
  186  12:57  Drone x3  
  184  13:06  Mutalisk x7  
  184  13:12  Zerg Melee Weapons Level 1, Zerg Ground Armor Level 1  
  198  13:19  Hydralisk Den  
  197  13:20  Baneling Nest  
  197  13:23  Greater Spire  
  197  13:24  Viper  
  197  13:26  Overlord x2  
  199  13:27  Zergling x2  
  200  13:36  Spine Crawler x2  
  168  14:19  Mutalisk  
  168  14:20  Mutalisk x7  
  168  14:21  Mutalisk  
  168  14:24  Drone x4  
  180  14:25  Zergling x12  
  180  14:26  Zergling x10  
  187  14:34  Zergling x8  
  187  14:35  Drone x3  
  194  14:42  Ultralisk Cavern  
  193  14:46  Lurker Den  
  193  14:50  Extractor  
  193  14:51  Spine Crawler  
  193  14:52  Spine Crawler  
  189  14:53  Corruptor x4  
  189  14:59  Spore Crawler  
  196  15:02  Drone, Spine Crawler x2  
  196  15:03  Drone x2  
  197  15:12  Extractor  
  196  15:14  Spine Crawler  
Show
View Real Time Build Order
Export as new Build Order

Massa Terran - Winner!

Build Orders: Gas First Reaper Expand 

Get SALT Encoding   

  12  0:00  SCV  
  13  0:12  SCV  
  14  0:23  Supply Depot  
  14  0:25  SCV  
  15  0:30  Refinery  
  15  0:45  SCV  
  15  0:47  Barracks  
  16  0:57  SCV  
  17  1:09  SCV  
  18  1:21  SCV  
  19  1:53  Reaper  
  19  2:02  Orbital Command  
  19  2:13  Command Center  
  19  2:19  Factory  
  19  2:20  Supply Depot  
  19  2:25  Marine  
  20  2:34  Barracks  
  20  2:48  Barracks Reactor  
  20  2:51  SCV  
  21  3:03  SCV  
  22  3:19  Factory Tech Lab  
  22  3:27  Barracks Tech Lab, Marine  
  21  3:28  Marine  
  21  3:30  Orbital Command  
  21  3:31  SCV  
  24  3:37  Supply Depot  
  24  3:38  Starport  
  24  3:43  SCV  
  24  3:45  Marine x2  
  27  3:50  Siege Tank  
  30  4:03  Marine x2  
  31  4:12  Marauder  
  31  4:13  SCV x2  
  31  4:17  Refinery  
  35  4:18  Refinery  
  35  4:21  Marine x2  
  37  4:25  SCV  
  38  4:35  Engineering Bay, Medivac  
  40  4:39  Marine x2  
  42  4:47  Widow Mine  
  42  4:50  Marauder  
  46  4:56  Marine  
  46  4:57  Marine  
  48  5:09  Widow Mine  
  48  5:11  Marauder  
  52  5:14  Marine  
  53  5:22  Marine  
  54  5:32  Supply Depot  
  54  5:37  Supply Depot  
  54  5:54  SCV x2, Marauder, Marine x2  
  60  5:57  Stimpack  
  60  6:06  SCV x2  
  62  6:16  Marauder  
  58  6:45  Marauder, Marine x2  
  58  6:46  Siege Tank  
  65  6:51  SCV x2, Command Center  
  67  6:56  Starport Reactor, Terran Infantry Weapons Level 1  
  67  6:59  Missile Turret  
  67  7:03  SCV x2  
  67  7:04  Refinery  
  69  7:08  Missile Turret  
  69  7:17  Supply Depot x2  
  69  7:18  Marine, Supply Depot  
  69  7:19  Missile Turret  
  70  7:29  Missile Turret  
  70  7:38  SCV x2, Marauder, Marine  
  70  7:40  Missile Turret  
  75  7:50  SCV x2, Missile Turret  
  77  7:56  Widow Mine  
  79  7:59  Marine x2  
  79  8:00  Marauder  
  80  8:07  Combat Shield  
  78  8:17  Widow Mine, Marine x2  
  82  8:21  Marauder  
  84  8:35  Marine x2  
  84  8:38  Siege Tank  
  89  8:42  SCV  
  89  8:43  SCV, Marauder  
  93  8:54  SCV  
  93  8:55  SCV  
  95  9:04  Marauder  
  95  9:07  SCV  
  98  9:36  Marauder, Marine x2  
  102  9:47  Orbital Command  
  102  9:49  SCV x2  
  104  9:53  Marine  
  104  9:54  Marine  
  104  9:56  Barracks x3  
  104  9:57  Marauder  
  104  9:58  Barracks  
  108  10:01  SCV  
  109  10:07  Terran Infantry Armor Level 1  
  109  10:10  Armory  
  109  10:11  Engineering Bay  
  109  10:16  Supply Depot  
  109  10:17  Supply Depot  
  109  10:37  Marine x2, Missile Turret x2  
  109  10:38  SCV x3, Marauder  
  109  10:39  Missile Turret  
  109  10:42  Missile Turret  
  116  10:43  Supply Depot  
  116  10:48  Supply Depot  
  116  10:50  Barracks Reactor, Barracks Tech Lab x2, SCV x3  
  116  10:51  Barracks Reactor  
  116  10:52  Factory  
  116  10:55  Marine x2  
  121  10:59  Marauder  
  121  11:02  SCV x2  
  121  11:03  Terran Infantry Weapons Level 2  
  125  11:05  Medivac, Thor  
  125  11:10  Medivac  
  125  11:11  Refinery, Supply Depot  
  135  11:13  Marine, Supply Depot  
  136  11:35  Medivac, Supply Depot  
  136  11:36  Supply Depot  
  138  11:48  Marauder, Marine  
  138  11:49  Marauder x2, Marine x4, Command Center  
  138  11:50  Marine  
  138  11:53  Factory Tech Lab, Thor  
  156  11:57  Medivac  
  156  11:59  Supply Depot  
  158  12:01  Terran Infantry Armor Level 2  
  158  12:05  Medivac  
  158  12:06  Marine  
  161  12:10  Marauder x2  
  161  12:15  Refinery  
  165  12:26  Missile Turret  
  165  12:29  Terran Vehicle And Ship Armor Level 1  
  165  12:47  Missile Turret  
  165  13:09  Missile Turret  
  151  13:26  Thor  
  151  13:27  Thor  
  155  13:30  Missile Turret  
  161  13:51  Missile Turret  
  161  14:09  Thor  
  167  14:10  Thor  
Tags
 
Add a new tag
Caveats
  • Supply blocks, unpowered buildings, or Contaminate may cause inaccurate times.
  • Supply counts are checked every 10 seconds.